 Dungeon Crawl Stone Soup version 0.25-a0-610-gd0df705f03 (webtiles) character file.

Game seed: 2520065839999934767, levelgen mode: deterministic

150461 mopl the Eclecticist (level 16, -10/98 HPs)
             Began as a Deep Elf Ice Elementalist on Mar 13, 2020.
             Was a High Priest of Vehumet.
             Killed from afar by a deep elf annihilator (34 damage)
             ... with a bolt of lightning
             ... on level 3 of the Elven Halls on Mar 16, 2020.
             The game lasted 02:10:53 (27297 turns).

mopl the Eclecticist (Deep Elf Ice Elementalist)   Turns: 27297, Time: 02:10:54

Health: -10/98     AC:  7    Str:  7    XL:     16   Next: 98%
Magic:  30/38      EV: 22    Int: 35    God:    Vehumet [*****.]
Gold:   937        SH:  7    Dex: 15    Spells: 4/47 levels left

rFire    + + .     SeeInvis +   L - +7 falchion "Iruyfal" {elec, Int+3}
rCold    + + +     Gourm    .   d - +2 buckler of Efusyane {rC++}
rNeg     . . .     Faith    .   a - +0 robe {rC+ rF+}
rPois    .         Spirit   .   v - +1 helmet
rElec    .         Reflect  .   (no cloak)
rCorr    .         Harm     .   p - +0 pair of gloves
MR       +....                  y - +1 pair of boots
Stlth    ++........             C - amulet of magic regeneration
HPRegen  0.26/turn              R - +6 ring of intelligence
MPRegen  0.51/turn              W - ring of Ypnerep {rF+ SInv}

@: no status effects
A: no striking features
a: Renounce Religion


You were on level 3 of the Elven Halls.
You worshipped Vehumet.
Vehumet was extremely pleased with you.
You were very hungry.

You visited 5 branches of the dungeon, and saw 27 of its levels.

You collected 2115 gold pieces.
You spent 1178 gold pieces at shops.

Inventory:

Hand Weapons
 L - the +7 falchion "Iruyfal" (weapon) {elec, Int+3}
   (You found it on level 8 of the Dungeon)

   Occasionally, upon striking a foe, it will discharge some electrical energy
   and cause terrible harm.
   It affects your intelligence (+3).
Missiles
 h - 5 boomerangs
 i - 84 poisoned darts (quivered)
 N - a throwing net
Armour
 a - a +0 robe of resistance (worn)
 d - the +2 buckler of Efusyane (worn) {rC++}
   (You acquired it on level 1 of the Lair of Beasts)

   It greatly protects you from cold.
 p - a +0 pair of gloves (worn)
 v - a +1 helmet (worn)
 x - +2 storm dragon scales {Bai Suzhen}
 y - a +1 pair of boots (worn)
Jewellery
 e - an uncursed ring of ice
 B - an uncursed ring of resist corrosion
 C - an amulet of magic regeneration (around neck)
 R - a +6 ring of intelligence (left hand)
 W - the ring of Ypnerep (right hand) {rF+ SInv}
   (You acquired it on level 3 of the Elven Halls)

   [ring of see invisible]

   It protects you from fire.
   It lets you see invisible.
Wands
 f - a wand of enslavement (9)
 t - a wand of iceblast (11)
 G - a wand of digging (5)
 I - a wand of disintegration (4)
 P - a wand of flame (123)
 S - a wand of polymorph (21)
Scrolls
 g - 8 scrolls of remove curse
 k - 4 scrolls of magic mapping
 l - 15 scrolls of teleportation
 q - a scroll of fog
 u - a scroll of brand weapon
 z - a scroll of torment {!r}
 A - 5 scrolls of blinking
 D - 3 scrolls of immolation
 M - 4 scrolls of fear
 T - a scroll of silence {!r}
Potions
 b - 2 potions of might
 j - 2 potions of invisibility
 m - 7 potions of heal wounds
 r - 10 potions of curing
 s - 8 potions of lignification {!q}
 w - a potion of flight
 E - 2 potions of haste
 F - a potion of stabbing
 H - 2 potions of berserk rage {!q}
 J - 2 potions of brilliance
 K - 2 potions of magic
 O - a potion of resistance
 Q - 2 potions of ambrosia
 U - 2 potions of cancellation
Miscellaneous
 n - a phial of floods
 V - a sack of spiders
Comestibles
 c - 42 rations


   Skills:
 + Level 10.5 Fighting
 + Level 0.0 Armour
 + Level 13.7 Dodging
 - Level 2.4 Stealth
 - Level 4.0 Shields
 + Level 16.1 Spellcasting
 * Level 12.7 Conjurations
 - Level 10.0 Hexes
   Level 2.0 Charms
   Level 4.0 Summonings
 - Level 5.0 Translocations
 - Level 6.0 Transmutations
 * Level 14.2 Ice Magic
 + Level 4.6 Air Magic
 - Level 6.0 Evocations


You had 4 spell levels left.
You knew the following spells:

 Your Spells              Type           Power        Failure   Level  Hunger
b - Frozen Ramparts       Ice            ######       0%          3    None
c - Hailstorm             Conj/Ice       #######.     1%          4    None
d - Freeze                Ice            ####         0%          1    None
e - Freezing Cloud        Conj/Ice/Air   #######...   1%          6    None
f - Iskenderun's Mystic   Conj/Tloc      ######..     1%          4    None
g - Metabolic Englaciati  Hex/Ice        #######...   1%          5    None
i - Irradiate             Conj/Tmut      #######...   1%          5    None
k - Fulminant Prism       Conj/Hex       #######...   1%          4    None
o - Ozocubu's Refrigerat  Ice            #######...   1%          6    None
y - Yara's Violent Unrav  Hex/Tmut       ######....   1%          5    None

Your spell library contained the following spells:

 Spells                   Type           Power        Failure   Level  Hunger
 Magic Dart               Conj           ####         0%          1    None
 Searing Ray              Conj           ######       0%          2    None
 Corona                   Hex            #######      1%          1    None
 Pain                     Necr           ####         1%          1    None
 Slow                     Hex            #######.     1%          2    None
 Confusing Touch          Hex            #######.     1%          3    None
 Dazzling Flash           Conj/Hex       ######       1%          3    None
 Gell's Gravitas          Tloc           ######....   1%          3    None
 Inner Flame              Hex/Fire       ######..     1%          3    None
 Ozocubu's Armour         Chrm/Ice       ######..     1%          3    None
 Portal Projectile        Hex/Tloc       ######       1%          3    None
 Cause Fear               Hex            #######...   1%          4    None
 Leda's Liquefaction      Hex/Erth       ######....   1%          4    None
 Summon Ice Beast         Ice/Summ       #######.     1%          4    None
 Petrify                  Tmut/Erth      #####...     3%          4    None
 Dispel Undead            Necr           ####....     13%         4    None
 Borgnjor's Vile Clutch   Necr/Erth      ####......   36%         5    None
 Death Channel            Necr           ####......   90%         6    None


Dungeon Overview and Level Annotations

Branches:
Dungeon (15/15)            Temple (1/1) D:5            Lair (6/6) D:9
 Shoals (0/4) Lair:4        Snake (0/4) Lair:3        Slime (0/5) Lair:5
    Orc (2/2) D:11            Elf (3/3) Orc:2        Vaults (0/5) D:13
 Depths: D:15

Altars:
Ashenzari
Cheibriados
Dithmenos
Elyvilon
Fedhas
Gozag
Hepliaklqana
Kikubaaqudgha
Makhleb
Nemelex Xobeh
Qazlal
Ru
Sif Muna
Uskayaw
Vehumet
Yredelemnul
The Shining One
Beogh

Shops:
D:5 *   D:7 :}?   D:9 :   D:10 !%(:   D:14 *   Orc:2 :(}}   Elf:2 }

Annotations:
D:14 Jorgrun
Lair:5 2 transporters, erdraug's ghost, journeyman TeAE
Lair:6 bb, Kirke
Elf:2 3 runed translucent doors


Message History

You feel a bit more experienced.
Things that are here:
a +1 glaive of protection; a +0 long sword The deep elf annihilator mumbles some strange words.
The deep elf annihilator blinks!
Casting: Freezing Cloud (safe; 1% risk of failure)
Confirm with . or Enter, or press ? or * to list all spells.
Aiming: Freezing Cloud (safe; 1% risk of failure)
Press: ? - help, Dir - move target cursor, f - deep elf annihilator
Aim: a deep elf annihilator, wielding a +0 long sword and wearing a +0 ring mail (moderately wounded)
The deep elf annihilator is engulfed in freezing vapours.
The deep elf annihilator points at you and mumbles some strange words.
The crystal spear hits you!!!
Ouch! That really hurt!
* * * LOW HITPOINT WARNING * * *
Unknown command.
The deep elf annihilator is engulfed in freezing vapours.
The deep elf annihilator casts a spell at you.
The bolt of lightning hits you!!
You die...

#e)# #).# #§§# ###§.#
#§e§## #§§§# #§.##
#..# ##@## ##).# ####
###.(## ###...
#.....###########.....
#.....'..))...).'.....
#.[...###########.....
###.#'## #.....
####.## #.....
##.#########'#..#


You could see a deep elf annihilator.

Vanquished Creatures
  Bai Suzhen (Elf:3)
  A deep elf blademaster (Elf:3)
  2 deep elf master archers (Elf:3)
  5 deep elf sorcerers (Elf:3)
  A deep elf elementalist (Elf:3)
  2 deep elf demonologists
  Azrael (Orc:2)
  4 deep elf annihilators (Elf:3)
  3 deep elf death magi
  Erolcha (D:9)
  2 deep elf high priests (Elf:3)
  A hydra (D:14)
  4 centaur warriors
  14 dancing weapons
  2 ogre magi (Orc:2)
  11 two-headed ogres
  3 orc high priests
  14 deep elf knights
  A fire crab (shapeshifter) (Elf:3)
  A deep troll (Orc:2)
  An unseen horror (D:14)
  A wizard (D:14)
  A wolf spider zombie (D:14)
  A lindwurm (Lair:6)
  Pikel (D:6)
  A necromancer (Elf:1)
  10 deep elf archers
  2 orc sorcerers (Orc:1)
  6 ugly things
  32 deep elf magi
  A manticore (D:14)
  3 cyclopes
  3 elephants (Lair:2)
  4 black mambas
  2 gargoyles
  6 spiny frogs
  Maggie (D:9)
  A rime drake (Lair:4)
  A freezing wraith (D:14)
  2 komodo dragons
  An efreet (D:14)
  A kobold demonologist (D:11)
  2 polar bears
  10 trolls
  Prince Ribbit (D:7)
  2 slime creatures (D:15)
  3 blink frogs (Lair:2)
  12 hippogriffs
  A hippogriff (shapeshifter) (Elf:3)
  An air elemental (Elf:3)
  2 water elementals (Elf:3)
  A vampire (D:14)
  5 wraiths (D:11)
  A spriggan (shapeshifter) (Elf:1)
  4 wyverns
  3 basilisks
  A shadow (D:14)
  6 hogs
  43 yaks
  5 fire elementals (Elf:1)
  4 large abominations (Elf:1)
  4 vampire mosquitoes (D:14)
  4 hungry ghosts
  4 wargs
  Edmund (D:6)
  2 nagas (Lair:3)
  2 soldier ants (D:8)
  4 water moccasins
  3 hell hounds
  9 porcupines
  6 phantoms
  5 sky beasts
  2 slaves (D:6)
  A black bear (D:10)
  14 orc warriors
  An ice beast (D:11)
  26 ogres
  13 wolves
  13 crocodiles
  10 centaurs
  6 big kobolds
  13 bullfrogs
  A wyvern zombie (D:12)
  5 elf zombies (Elf:1)
  A gnoll sergeant (D:8)
  An earth elemental (Elf:1)
  5 scorpions
  9 killer bees
  18 wights
  A howler monkey (D:4)
  2 centaur zombies
  4 crimson imps
  A bullfrog zombie (D:6)
  A quasit (D:10)
  A bullfrog skeleton (D:6)
  6 jellies
  6 centaur skeletons
  20 orc priests
  5 hounds
  5 iguanas
  13 worker ants
  17 orc wizards
  Natasha (thrice) (D:2)
  Terence (D:2)
  A hound zombie (D:8)
  3 hound skeletons
  A worker ant zombie (D:7)
  7 gnolls
  9 adders
  7 shadow imps
  3 oozes
  An ooze (shapeshifter) (Elf:1)
  An adder skeleton (D:5)
  An adder zombie (D:7)
  2 worms
  5 dart slugs
  6 leopard geckos
  47 orcs
  4 ball pythons
  5 bats
  7 giant cockroaches
  4 goblins
  4 hobgoblins
  7 jackals
  5 quokkas
  6 frilled lizards
  38 kobolds
  9 kobold skeletons (D:11)
  8 kobold zombies (D:11)
  5 rats
  7 fungi
  A plant (Lair:3)
736 creatures vanquished.

Vanquished Creatures (collateral kills)
  Josephine (D:11)
  Fannar (D:10)
  2 hydras
  A deep troll (Orc:2)
  4 oklob plants
  2 elephants (Lair:2)
  3 spiny frogs
  A rime drake (Lair:3)
  2 komodo dragons
  2 trolls
  A polar bear (Lair:3)
  3 yaks
  A water moccasin (Lair:2)
  A floating eye (Lair:2)
  2 porcupines
  2 orc warriors
  A phantom (D:9)
  An ice beast (D:4)
  An ogre (D:7)
  A centaur (D:9)
  3 crocodiles
  A crimson imp (D:9)
  2 orcs (Orc:2)
  2 kobolds (D:11)
  A kobold skeleton (D:11)
  2 plants (Lair:2)
44 creatures vanquished.

Vanquished Creatures (others)
  92 fulminant prisms
  A fungus (D:9)
93 creatures vanquished.

Grand Total: 873 creatures vanquished

Notes
Turn   | Place    | Note
-------+----------+-------------------------------------------
     0 | D:1      | mopl the Deep Elf Ice Elementalist began the quest for the
                  | Orb.
     0 | D:1      | Reached XP level 1. HP: 10/10 MP: 6/6
    88 | D:1      | Reached XP level 2. HP: 14/15 MP: 4/8
   836 | D:2      | Reached skill level 4 in Spellcasting
   836 | D:2      | Reached skill level 5 in Ice Magic
   836 | D:2      | Reached XP level 3. HP: 19/19 MP: 6/10
   841 | D:2      | Learned a level 3 spell: Frozen Ramparts
  1001 | D:2      | Noticed Terence
  1058 | D:2      | Killed Terence
  1159 | D:2      | Reached XP level 4. HP: 23/24 MP: 7/12
  1449 | D:2      | Learned a level 3 spell: Ozocubu's Armour
  1469 | D:2      | Noticed Natasha
  1473 | D:2      | Killed Natasha
  1473 | D:2      | Reached skill level 5 in Spellcasting
  1473 | D:2      | Reached skill level 1 in Charms
  1878 | D:2      | Noticed Natasha
  1883 | D:2      | Killed Natasha
  1942 | D:2      | Noticed Natasha
  1949 | D:2      | Killed Natasha
  1949 | D:2      | Reached skill level 2 in Charms
  1949 | D:2      | Reached XP level 5. HP: 12/28 MP: 9/14
  2131 | D:3      | Found a transporter.
  2290 | D:3      | Found a snail-covered altar of Cheibriados.
  2312 | D:3      | Found a transporter.
  2643 | D:3      | Found a basalt altar of Yredelemnul.
  2649 | D:3      | Found a blossoming altar of Fedhas.
  2652 | D:3      | Found a burning altar of Makhleb.
  2873 | D:3      | Reached skill level 6 in Ice Magic
  3254 | D:3      | Reached skill level 6 in Spellcasting
  3349 | D:3      | Learned a level 4 spell: Hailstorm
  3354 | D:3      | Learned a level 4 spell: Summon Ice Beast
  3433 | D:4      | Reached XP level 6. HP: 27/32 MP: 11/17
  3578 | D:4      | Noticed a two-headed ogre
  3588 | D:4      | Reached skill level 1 in Conjurations
  3590 | D:4      | Reached skill level 1 in Summonings
  3606 | D:4      | Killed a two-headed ogre
  3606 | D:4      | Reached skill level 7 in Spellcasting
  3606 | D:4      | Reached skill level 3 in Conjurations
  3606 | D:4      | Reached skill level 3 in Summonings
  3606 | D:4      | Reached skill level 7 in Ice Magic
  3606 | D:4      | Reached XP level 7. HP: 30/36 MP: 14/20
  3875 | D:4      | Reached XP level 8. HP: 41/41 MP: 9/21
  4199 | D:5      | Entered Level 5 of the Dungeon
  4317 | D:5      | Reached skill level 4 in Conjurations
  4347 | D:5      | Reached skill level 4 in Summonings
  4391 | D:5      | Reached skill level 8 in Spellcasting
  4491 | D:5      | Found a staircase to the Ecumenical Temple.
  4500 | Temple   | Entered the Ecumenical Temple
  4591 | Temple   | Became a worshipper of Vehumet
  4725 | D:5      | Found a sacrificial altar of Ru.
  5035 | D:5      | Found Lootzugh's Elemental Accessories.
  5047 | D:5      | Reached skill level 1 in Fighting
  5047 | D:5      | Reached skill level 3 in Dodging
  5083 | D:5      | Reached skill level 8 in Ice Magic
  5252 | D:5      | Reached skill level 5 in Conjurations
  5259 | D:5      | Reached skill level 4 in Dodging
  5290 | D:5      | Reached skill level 2 in Fighting
  5386 | D:6      | Noticed Pikel
  5390 | D:6      | Noticed Edmund
  5405 | D:6      | Killed Pikel
  5405 | D:6      | Reached XP level 9. HP: 48/49 MP: 19/23
  5420 | D:6      | Killed Edmund
  5420 | D:6      | Reached skill level 5 in Dodging
  5462 | D:6      | Reached * piety under Vehumet
  5462 | D:6      | Offered knowledge of Sandblast by Vehumet.
  5499 | D:6      | Reached skill level 3 in Fighting
  5710 | D:6      | Reached skill level 6 in Conjurations
  6224 | D:6      | Found a glowing golden altar of the Shining One.
  6224 | D:6      | Found a stormy altar of Qazlal.
  6227 | D:6      | Found a shadowy altar of Dithmenos.
  6233 | D:6      | Learned a level 4 spell: Iskenderun's Mystic Blast
  6318 | D:7      | Reached skill level 9 in Ice Magic
  6397 | D:7      | Found a roughly hewn altar of Beogh.
  6437 | D:7      | Reached skill level 1 in Translocations
  6493 | D:7      | Found a transporter.
  6503 | D:7      | Found a transporter.
  6518 | D:7      | Reached skill level 6 in Dodging
  6519 | D:7      | Noticed Prince Ribbit
  6523 | D:7      | Killed Prince Ribbit
  6525 | D:7      | Found Visiexoh's Magic Scroll Boutique.
  6530 | D:7      | Found Miris's Gadget Boutique.
  6533 | D:7      | Bought a scroll of blinking for 105 gold pieces
  6533 | D:7      | Bought a scroll of immolation for 49 gold pieces
  6533 | D:7      | Bought a scroll of amnesia for 49 gold pieces
  6560 | D:7      | Found Cesett's Book Boutique.
  6742 | D:7      | Reached skill level 2 in Translocations
  7127 | D:7      | Offered knowledge of Foxfire by Vehumet.
  7293 | D:7      | Reached ** piety under Vehumet
  7293 | D:7      | Reached XP level 10. HP: 56/56 MP: 18/24
  7385 | D:8      | Reached skill level 4 in Fighting
  7657 | D:8      | Reached skill level 7 in Conjurations
  7737 | D:8      | Got a smoking falchion
  7738 | D:8      | Identified the +7 falchion "Iruyfal" {elec, Int+3} (You
                  | found it on level 8 of the Dungeon)
  7818 | D:8      | Reached skill level 3 in Translocations
  7832 | D:8      | Reached skill level 9 in Spellcasting
  7939 | D:8      | Offered knowledge of Static Discharge by Vehumet.
  7939 | D:8      | Reached skill level 7 in Dodging
  8361 | D:9      | Noticed Erolcha
  8369 | D:9      | Killed Erolcha
  8369 | D:9      | Reached *** piety under Vehumet
  8369 | D:9      | Reached skill level 4 in Translocations
  8387 | D:8      | Reached skill level 10 in Ice Magic
  8617 | D:9      | Found a staircase to the Lair.
  8622 | D:9      | Reached skill level 5 in Fighting
  8657 | D:8      | Learned a level 5 spell: Metabolic Englaciation
  8830 | D:9      | Found Qaxkiett's Book Shoppe.
  8906 | D:9      | Offered knowledge of Conjure Flame by Vehumet.
  8958 | D:9      | Reached skill level 8 in Conjurations
  9020 | D:9      | Reached XP level 11. HP: 63/63 MP: 15/26
  9065 | D:9      | Reached skill level 8 in Dodging
  9065 | D:9      | Reached skill level 1 in Hexes
  9111 | D:9      | Reached skill level 10 in Spellcasting
  9118 | D:9      | Noticed Maggie
  9194 | D:9      | Killed Maggie
  9490 | D:10     | Entered Level 10 of the Dungeon
  9490 | D:10     | Found Ostaotzo's Food Shop.
  9517 | D:10     | Found a radiant altar of Vehumet.
  9523 | D:10     | Found Uliesul's Book Shop.
  9546 | D:10     | Reached skill level 2 in Hexes
  9796 | D:10     | Found a stormy altar of Qazlal.
  9842 | D:10     | Found Diamm's Antique Weapon Emporium.
  9875 | D:10     | Noticed a two-headed ogre
  9889 | D:10     | Killed a two-headed ogre
  9889 | D:10     | Reached skill level 3 in Hexes
  9923 | D:10     | Noticed Fannar
 10229 | D:10     | Found Atryamiti's Distillery.
 10289 | D:10     | HP: 2/64 [ice beast[Fannar] (7)]
 10293 | D:10     | Killed Fannar
 10625 | D:10     | Bought a potion of degeneration for 15 gold pieces
 10625 | D:10     | Bought 2 potions of cancellation for 240 gold pieces
 10625 | D:10     | Bought a potion of heal wounds for 75 gold pieces
 10674 | D:11     | Reached **** piety under Vehumet
 10787 | D:11     | Offered knowledge of Inner Flame by Vehumet.
 10787 | D:11     | Reached skill level 4 in Hexes
 10847 | D:11     | Noticed Josephine
 11188 | Lair:1   | Entered Level 1 of the Lair of Beasts
 11191 | Lair:1   | Reached skill level 9 in Dodging
 11625 | Lair:1   | Reached skill level 9 in Conjurations
 11657 | Lair:1   | Reached skill level 6 in Fighting
 11661 | Lair:1   | Reached skill level 11 in Ice Magic
 11744 | Lair:1   | Reached skill level 5 in Hexes
 11880 | Lair:1   | Learned a level 5 spell: Yara's Violent Unravelling
 12317 | Lair:2   | Reached skill level 1 in Transmutations
 12378 | Lair:2   | Reached XP level 12. HP: 35/70 MP: 28/28
 12405 | Lair:2   | Reached skill level 2 in Transmutations
 12453 | Lair:2   | Noticed a four-headed hydra
 12462 | Lair:2   | Killed a four-headed hydra
 12572 | Lair:2   | Reached skill level 6 in Hexes
 12796 | Lair:2   | Paralysed by a floating eye for 4 turns
 12803 | Lair:2   | Paralysed by a floating eye for 3 turns
 12811 | Lair:2   | Paralysed by a floating eye for 2 turns
 12821 | Lair:2   | Paralysed by a floating eye for 3 turns
 13455 | Lair:3   | Reached skill level 10 in Dodging
 13455 | Lair:3   | Reached skill level 3 in Transmutations
 13803 | Lair:3   | Found a staircase to the Snake Pit.
 14080 | Lair:3   | Reached skill level 7 in Hexes
 14104 | Lair:3   | Reached skill level 10 in Conjurations
 14877 | Lair:4   | Reached skill level 4 in Transmutations
 14951 | Lair:4   | Reached ***** piety under Vehumet
 14951 | Lair:4   | Reached skill level 7 in Fighting
 14974 | Lair:4   | Offered knowledge of Fireball by Vehumet.
 15320 | Lair:4   | Found a staircase to the Shoals.
 16005 | Lair:5   | Reached skill level 8 in Hexes
 16005 | Lair:5   | Reached skill level 12 in Ice Magic
 16076 | Lair:5   | Noticed a four-headed hydra
 16118 | Lair:5   | Killed a four-headed hydra
 16118 | Lair:5   | Reached skill level 5 in Transmutations
 16226 | Lair:5   | Reached XP level 13. HP: 76/76 MP: 25/29
 16347 | Lair:5   | Found a transporter.
 16418 | Lair:5   | Noticed erdraug's ghost (journeyman TeAE)
 16506 | Lair:5   | Found a staircase to the Slime Pits.
 16523 | Lair:5   | Reached skill level 11 in Dodging
 16723 | Lair:5   | Found a transporter.
 16797 | Lair:6   | Entered Level 6 of the Lair of Beasts
 16847 | Lair:6   | Noticed Kirke
 16854 | Lair:6   | Noticed a sphinx
 17115 | D:7      | Bought a scroll of enchant armour for 105 gold pieces
 17522 | D:11     | Offered knowledge of Irradiate by Vehumet.
 17536 | D:11     | Learned a level 5 spell: Irradiate
 17538 | D:11     | Found a staircase to the Orcish Mines.
 17915 | D:11     | Found an ancient bone altar of Kikubaaqudgha.
 18086 | D:11     | Killed Josephine
 18141 | D:11     | Reached skill level 8 in Fighting
 18141 | D:11     | Reached skill level 12 in Spellcasting
 18141 | D:11     | Reached XP level 14. HP: 75/84 MP: 29/32
 18293 | Orc:1    | Entered Level 1 of the Orcish Mines
 18453 | Orc:2    | Entered Level 2 of the Orcish Mines
 18453 | Orc:2    | Found a staircase to the Elven Halls.
 18507 | Orc:2    | Upgraded the game from 0.25-a0-591-g2ad0d861f1 to
                  | 0.25-a0-610-gd0df705f03
 18892 | Orc:1    | Reached skill level 5 in Translocations
 19081 | Orc:2    | Reached skill level 9 in Hexes
 19208 | Orc:2    | Reached skill level 6 in Transmutations
 19457 | Orc:1    | Reached skill level 9 in Fighting
 20069 | Orc:2    | Reached skill level 13 in Spellcasting
 20106 | Orc:2    | Found Uxzo's Weapon Emporium.
 20107 | Orc:2    | Found Soidgh's Book Shop.
 20128 | Orc:2    | Offered knowledge of Conjure Ball Lightning by Vehumet.
 20196 | Orc:2    | Found Unemuam's Gadget Boutique.
 20204 | Orc:1    | Reached skill level 1 in Evocations
 20287 | Orc:2    | Found Geid's Gadget Shop.
 20726 | Lair:1   | Identified a scroll of acquirement
 20738 | Lair:1   | Identified the +2 buckler of Efusyane {rC++} (You acquired
                  | it on level 1 of the Lair of Beasts)
 20752 | Lair:1   | Learned a level 4 spell: Fulminant Prism
 20851 | D:12     | You fall into a shaft and drop 2 floors!
 21012 | D:14     | Reached XP level 15. HP: 90/90 MP: 24/34
 21045 | D:14     | Reached skill level 2 in Evocations
 21053 | D:14     | Reached skill level 11 in Conjurations
 21057 | D:14     | Reached skill level 12 in Dodging
 21057 | D:14     | Reached skill level 1 in Shields
 21057 | D:14     | Reached skill level 10 in Hexes
 21136 | D:14     | Found Mausm's Assorted Antiques.
 21144 | D:14     | Bought a scroll labeled VUDGHI ZOIN for 23 gold pieces
 21144 | D:14     | Bought a scroll labeled TERUNI TIKLI for 23 gold pieces
 21144 | D:14     | Bought a runed helmet for 172 gold pieces
 21144 | D:14     | Bought a potion of magic for 184 gold pieces
 21144 | D:14     | Bought 2 scrolls of teleportation for 138 gold pieces
 21314 | D:14     | Reached skill level 13 in Ice Magic
 21636 | D:12     | Offered knowledge of Lee's Rapid Deconstruction by Vehumet.
 21638 | D:12     | Reached skill level 3 in Evocations
 22023 | D:13     | Reached skill level 2 in Shields
 22128 | D:13     | Found a gate to the Vaults.
 22511 | D:15     | Entered Level 15 of the Dungeon
 22681 | D:15     | Noticed Jorgrun
 22867 | Elf:1    | Entered Level 1 of the Elven Halls
 22867 | Elf:1    | Noticed Azrael
 22871 | Orc:2    | Killed Azrael
 22972 | Elf:1    | Reached skill level 4 in Evocations
 23292 | Elf:1    | Reached skill level 3 in Shields
 23385 | Elf:1    | Identified the Disquisition on Evil
 23458 | Elf:1    | Offered knowledge of Freezing Cloud by Vehumet.
 23466 | Elf:1    | Learned a level 6 spell: Freezing Cloud
 23627 | Elf:1    | Reached skill level 1 in Air Magic
 24034 | Elf:1    | Reached skill level 14 in Spellcasting
 24211 | Elf:1    | Reached skill level 5 in Evocations
 24406 | Elf:1    | Reached XP level 16. HP: 80/97 MP: 27/36
 24632 | Elf:2    | Found Oseexkuwn's Gadget Shop.
 24646 | Elf:2    | Reached skill level 2 in Air Magic
 24678 | Elf:2    | Reached skill level 10 in Fighting
 24679 | Elf:2    | Reached skill level 12 in Conjurations
 24863 | Elf:2    | Reached skill level 13 in Dodging
 24881 | Elf:2    | Found a runed translucent gate.
 24882 | Elf:2    | Found a runed translucent gate.
 24882 | Elf:2    | Found a runed translucent gate.
 25065 | Elf:3    | Entered Level 3 of the Elven Halls
 25126 | Elf:3    | Reached skill level 4 in Shields
 25550 | Elf:3    | Reached skill level 3 in Air Magic
 25583 | Elf:3    | Reached skill level 6 in Evocations
 26045 | Elf:3    | Identified the ring of Ypnerep {rF+ SInv} (You acquired it
                  | on level 3 of the Elven Halls)
 26126 | Elf:3    | Noticed Bai Suzhen
 26284 | Elf:3    | Killed Bai Suzhen
 26284 | Elf:3    | Offered knowledge of Ozocubu's Refrigeration by Vehumet.
 26284 | Elf:3    | Reached skill level 14 in Ice Magic
 26284 | Elf:3    | Reached skill level 4 in Air Magic
 26694 | Elf:3    | Noticed a deep elf blademaster
 26700 | Elf:3    | Killed a deep elf blademaster
 26764 | Elf:3    | Reached skill level 15 in Spellcasting
 26906 | Lair:1   | Learned a level 6 spell: Ozocubu's Refrigeration
 27101 | Elf:3    | Noticed a deep elf master archer
 27105 | Elf:3    | Killed a deep elf master archer
 27282 | Elf:3    | Identified the +6 quarterstaff of Integrity {vorpal, rPois
                  | Int+2}
 27283 | Elf:3    | Noticed a deep elf master archer
 27292 | Elf:3    | Killed a deep elf master archer
 27292 | Elf:3    | Reached skill level 16 in Spellcasting
 27297 | Elf:3    | Killed from afar by a deep elf annihilator

Levels and vault maps discovered:
D:1:      eino_arrival_cavern_e, layout_loops_cross, st_stairs_4,
          chequers_serial_rivers_small_a
D:2:      layout_basic, first_ration, uniq_natasha, uniq_terence
D:3:      gammafunk_wand_slinger, layout_basic, cheibriados_altar_1,
          grunt_temple_overflow_diamond
D:4:      layout_cave_pods, serial_park, serial_park_tiny_1,
          serial_park_tiny_pond, serial_park_paths
          [serial_park_minivault_5x5_3], serial_park_tiny_pond,
          serial_park_square3 [serial_park_minivault_5x5_2]
D:5:      layout_loops_ring, temple_statues, nicolae_elemental_shop,
          nicolae_ru_path_of_blood
D:6:      layout_cave_pools, gammafunk_temple_overflow_claw,
          chequers_mini_garden, hex_large, kennysheep_doodads, uniq_edmund,
          uniq_pikel
D:7:      gammafunk_beogh_shrine, layout_basic, serial_shops,
          nicolae_shop_trees, shop, nicolae_shop_crystal, uniq_prince_ribbit1
D:8:      layout_basic, hangedman_pestilent_swarm, kennysheep_generic_room_12
D:9:      layout_irregular_city, minmay_lair_entry_grove, serial_shops, shop,
          uniq_maggie, uniq_erolcha
D:10:     layout_rooms, basic_altar, serial_shops, shop, shop, shop,
          nicolae_shop_waterfront, minmay_misc_feat_nine_boxes,
          nicolae_qazlal_eye_of_the_storm, uniq_fannar
D:11:     wander_kiku_kobolds, layout_rooms, uniq_josephine
D:12:     layout_rooms, kennysheep_flooded_box
D:13:     layout_roguey, erik_vaults_1
D:14:     layout_irregular_city, minmay_misc_feat_more_columns, serial_shops,
          shop
D:15:     gammafunk_enter_depths_forms, layout_irregular_city, minivault_14,
          amethyst_killhole, uniq_jorgrun
Temple:   regret_index_temple_generic_petals
Lair:1:   layout_cave_pods, serial_bayou_shore_a, grunt_megastairs_2
Lair:2:   layout_gridlike, disabler_island, lemuel_fruit_tree
Lair:3:   layout_cave_pods, guppyfry_snake_entry_island, beast_lair_carwin_1,
          serial_bayou_shore_b, grunt_megastairs_3, lemuel_fruit_fields,
          infiniplex_staircase_pool
Lair:4:   layout_gridlike, minmay_shoals_entry_centaurs
Lair:5:   wad_woods_04, layout_regular_city, slime_dummy,
          gammafunk_ghost_berserking_beasts, guppyfry_lair_drakes
Lair:6:   gammafunk_lair_ancient_temple, layout_small_grid,
          columned_hall_lemuel, uniq_kirke
Orc:1:    layout_caves
Orc:2:    st_orc_open, layout_caves
Elf:1:    eino_elf_arrival_sip, layout_geoelf_grid, minmay_elf_necromancy,
          library_closet, uniq_azrael
Elf:2:    layout_geoelf_octagon, serial_shops, shop
Elf:3:    minmay_elf_hall_dome, layout_geoelf_octagon, uniq_bai_suzhen

Skill      XL: |  1  2  3  4  5  6  7  8  9 10 11 12 13 14 15 16 |
---------------+-------------------------------------------------+-----
Spellcasting   | 4 5 6 7 8 9 10 12 13 14 16 | 16.1
Ice Magic      | 5 6 7 8 9 10 11 12 13 14 | 14.2
Charms         | 2 |  2.0
Conjurations   | 3 5 6 8 9 10 11 12 | 12.7
Summonings     | 3 4 |  4.0
Fighting       | 2 3 5 6 7 8 9 10 | 10.5
Dodging        | 4 6 7 9 10 11 12 13 | 13.7
Translocations | 2 4 5 |  5.0
Hexes          | 5 8 9 10 | 10.0
Transmutations | 1 5 6 |  6.0
Evocations     | 1 5 6 |  6.0
Shields        | 3 4 |  4.0
Air Magic      | 1 4 |  4.6
Stealth        | |  2.4

Action                   |  1- 3 |  4- 6 |  7- 9 | 10-12 | 13-15 | 16-18 || total
-------------------------+-------+-------+-------+-------+-------+-------++-------
Melee: Unarmed           |     1 |       |       |       |       |       ||     1
       Whip              |       |    49 |    62 |       |       |       ||   111
       Falchion          |       |       |       |   113 |   163 |    14 ||   290
Throw: Dart              |       |       |       |       |     8 |       ||     8
 Cast: Freeze            |    33 |    48 |    87 |   101 |    17 |       ||   286
       Frozen Ramparts   |     4 |    10 |    28 |    82 |    32 |     8 ||   164
       Summon Ice Beast  |       |       |     8 |    59 |    21 |     3 ||    91
       Ozocubu's Armour  |       |       |     2 |    10 |       |       ||    12
       Hailstorm         |       |       |     6 |    48 |    83 |    13 ||   150
       Iskenderun's Myst |       |       |       |    37 |    90 |    10 ||   137
       Yara's Violent Un |       |       |       |     6 |    53 |     9 ||    68
       Metabolic Englaci |       |       |       |     4 |    57 |     8 ||    69
       Fulminant Prism   |       |       |       |       |    56 |    36 ||    92
       Irradiate         |       |       |       |       |    18 |     3 ||    21
       Freezing Cloud    |       |       |       |       |    10 |    29 ||    39
       Ozocubu's Refrige |       |       |       |       |       |     1 ||     1
Evoke: Wand              |       |     3 |       |       |       |     3 ||     6
       Phial of floods   |       |       |       |       |       |     1 ||     1
       Phantom mirror    |       |       |       |       |       |     1 ||     1
  Use: Scroll            |     3 |     3 |     5 |     7 |    13 |     7 ||    38
       Potion            |       |       |       |       |     3 |     1 ||     4
 Stab: Sleeping          |       |     2 |     1 |     2 |     1 |     1 ||     7
       Distracted        |       |       |       |     2 |     2 |       ||     4
  Eat: Chunk             |     1 |     7 |    13 |    23 |    23 |     8 ||    75
       Ration            |       |       |       |     2 |     1 |       ||     3
Armor: Robe              |     7 |    22 |    37 |    34 |    25 |     2 ||   127
Dodge: Dodged            |    14 |    77 |   102 |   217 |   241 |    23 ||   674
Block: Other             |       |       |    16 |       |       |       ||    16
       Buckler           |       |       |       |       |    26 |    13 ||    39
       Rpst.: Falchion   |       |       |       |    50 |    60 |     2 ||   112

Table legend:
 A = Non-vault XP
 B = Vault XP
 C = Vault XP percentage of total XP
 D = Non-vault monster count
 E = Vault monster count
 F = Vault count percentage of total count
                 A         B        C        D         E       F
            +---------+---------+-------+---------+---------+-------
      Total |  117789 |   66442 |  36.1 |     560 |     208 |  27.1
            +---------+---------+-------+---------+---------+-------
        D:1 |      29 |       3 |   9.4 |      10 |       2 |  16.7
        D:2 |     125 |      65 |  34.2 |      24 |       2 |   7.7
        D:3 |      46 |      86 |  65.2 |      18 |       5 |  21.7
        D:4 |     178 |    1045 |  85.4 |      10 |       6 |  37.5
        D:5 |     951 |       0 |   0.0 |      27 |       0 |   0.0
        D:6 |     563 |     810 |  59.0 |      11 |       2 |  15.4
        D:7 |    1053 |     660 |  38.5 |      22 |      13 |  37.1
        D:8 |    2021 |     753 |  27.1 |      32 |       6 |  15.8
        D:9 |    1538 |    2431 |  61.2 |      20 |      13 |  39.4
       D:10 |    2050 |     826 |  28.7 |      12 |       1 |   7.7
       D:11 |    5097 |    2276 |  30.9 |      58 |      58 |  50.0
       D:12 |    4071 |       0 |   0.0 |      23 |       0 |   0.0
       D:13 |    5353 |    1808 |  25.2 |      14 |       2 |  12.5
       D:14 |   11205 |       0 |   0.0 |      31 |       0 |   0.0
       D:15 |    1419 |       0 |   0.0 |       4 |       0 |   0.0
     Lair:1 |    2320 |       0 |   0.0 |      12 |       0 |   0.0
     Lair:2 |    5740 |     861 |  13.0 |      23 |       4 |  14.8
     Lair:3 |    2967 |    1483 |  33.3 |      16 |       8 |  33.3
     Lair:4 |    4912 |     454 |   8.5 |      24 |       4 |  14.3
     Lair:5 |    4274 |     740 |  14.8 |      20 |       3 |  13.0
     Lair:6 |    2071 |    1009 |  32.8 |       5 |       5 |  50.0
      Orc:1 |    2028 |     237 |  10.5 |      16 |       2 |  11.1
      Orc:2 |    2689 |   16591 |  86.1 |      34 |      38 |  52.8
      Elf:1 |   22574 |    6184 |  21.5 |      36 |      18 |  33.3
      Elf:2 |    4019 |    1772 |  30.6 |      12 |       2 |  14.3
      Elf:3 |   28496 |   26348 |  48.0 |      46 |      14 |  23.3
            +---------+---------+-------+---------+---------+-------
